Map: Acropolis LE

Players

ArthurDent

  • Race: Terran Terran
  • League: Diamond
  • Spawn Location: 11:00

Smeeeger - Winner!

  • Race: Zerg Zerg
  • League: Platinum
  • Spawn Location: 5:00

VOD

Have the link to the VOD?

Description

Time

  • Played on: July 21, 2019, 10:13 a.m.
  • Length: 7:38
Show
View Real Time Build Order
Export as new Build Order

ArthurDent Terran 

Build Orders:  

Get SALT Encoding   

  12  0:00  SCV  
  13  0:13  SCV  
  14  0:19  Supply Depot  
  14  0:25  SCV  
  15  0:35  Refinery  
  15  0:45  Barracks  
  15  0:48  SCV  
  16  1:02  Barracks  
  16  1:07  SCV  
  17  1:19  SCV  
  18  1:34  Reaper  
  18  1:35  Orbital Command  
  18  1:39  Bunker  
  19  1:52  Reaper  
  19  1:53  Supply Depot  
  20  2:03  SCV  
  20  2:06  Reaper  
  22  2:16  SCV  
  23  2:28  SCV  
  24  2:32  Factory  
  24  2:40  SCV  
  25  3:01  Command Center  
  25  3:03  SCV  
  25  3:04  Barracks Reactor  
  26  3:06  Refinery  
  26  3:08  Supply Depot  
  26  3:15  SCV  
  27  3:26  Widow Mine  
  29  3:27  SCV  
  29  3:31  Engineering Bay  
  30  3:36  Supply Depot  
  30  3:39  SCV  
  31  3:48  Bunker  
  31  3:52  Barracks Tech Lab  
  31  3:56  SCV  
  31  3:57  Widow Mine  
  31  3:58  Hellion  
  31  4:02  Terran Infantry Weapons Level 1  
  36  4:08  SCV  
  37  4:17  Marauder  
  37  4:19  Hellion, Widow Mine  
  37  4:20  Supply Depot, SCV  
  44  4:28  Concussive Shells  
  33  4:54  Barracks Tech Lab  
  33  4:55  Marauder  
  30  5:03  Widow Mine  
  30  5:05  SCV  
  30  5:06  Orbital Command  
  29  5:17  Marauder  
  29  5:19  Starport  
  30  5:29  Widow Mine  
  30  5:30  Marauder  
  30  5:32  Stimpack  
  30  5:33  SCV  
  35  5:38  Marauder  
  35  5:40  SCV  
  35  5:42  Supply Depot  
  38  5:45  SCV  
  39  5:51  Factory Tech Lab  
  39  5:52  Marauder, SCV  
  42  5:57  SCV  
  42  5:58  Supply Depot  
  42  6:00  Marauder  
  43  6:13  Marauder  
  40  6:18  SCV  
  40  6:19  SCV  
  40  6:21  Marauder  
  36  6:30  SCV  
  36  6:31  SCV  
  39  6:32  Siege Tank  
  39  6:34  Marauder  
  39  6:39  Starport Reactor  
  41  6:42  Marauder  
  41  6:43  SCV x2  
  45  6:55  SCV  
  45  6:56  Marauder  
  45  6:57  Supply Depot  
  48  7:02  SCV  
  48  7:03  Refinery  
  48  7:04  Siege Tank  
  48  7:07  SCV  
  53  7:11  Marauder  
  53  7:14  SCV  
  56  7:17  Marine  
  56  7:19  SCV  
  59  7:30  Supply Depot  
Show
View Real Time Build Order
Export as new Build Order

Smeeeger Zerg - Winner!

Build Orders: Hatch First 

Get SALT Encoding   

  12  0:01  Drone  
  13  0:14  Overlord  
  13  0:19  Drone  
  14  0:35  Drone x2  
  16  0:44  Drone  
  17  0:56  Hatchery  
  16  0:58  Drone  
  17  1:11  Spawning Pool  
  17  1:14  Drone  
  17  1:19  Drone  
  17  1:23  Drone  
  19  1:28  Extractor  
  19  1:31  Drone  
  19  1:41  Overlord  
  19  1:58  Queen  
  19  1:59  Zergling x2  
  22  2:02  Zergling x2  
  22  2:07  Queen  
  25  2:13  Zergling x2  
  26  2:17  Roach Warren  
  25  2:26  Drone  
  23  3:02  Roach x2, Spine Crawler  
  23  3:03  Roach x4  
  23  3:04  Spine Crawler  
  33  3:33  Drone x3  
  36  3:39  Overlord x2  
  36  3:40  Overlord  
  38  3:46  Extractor x2  
  36  3:59  Lair  
  36  4:01  Drone x2  
  36  4:02  Drone x3  
  41  4:13  Drone x4  
  45  4:18  Drone  
  45  4:19  Drone  
  47  4:38  Roach  
  47  4:39  Roach x3  
  55  4:49  Ravager  
  55  4:52  Zergling x6  
  57  4:53  Zergling x6  
  49  5:33  Metabolic Boost  
  49  5:35  Drone  
  49  5:36  Drone x2  
  49  5:37  Drone x3  
  49  5:38  Drone x2  
  49  5:39  Drone, Overlord  
  58  5:46  Drone  
  59  5:51  Hatchery  
  59  5:54  Glial Reconstitution  
  54  6:14  Roach x4  
  54  6:15  Roach  
  54  6:33  Roach x4  
  54  6:34  Roach x2  
  66  6:43  Drone x2, Evolution Chamber, Extractor  
  66  6:44  Overlord  
  66  6:45  Overlord x2, Evolution Chamber  
  65  6:57  Ravager x3  
  68  7:03  Zergling x16  
  78  7:16  Drone x3  
  78  7:17  Drone x2  
Tags
 
Matchup
TvZ
Replay Pack
SC2 replays
Spawn Locations
Cross Positions
Add a new tag
Caveats
  • Supply blocks, unpowered buildings, or Contaminate may cause inaccurate times.
  • Supply counts are checked every 10 seconds.